 Dungeon Crawl Stone Soup version 0.17.2 (webtiles) character file.

81 Goblin1989 the Cudgeler (level 4, 0/26 HPs)
             Began as a Gargoyle Gladiator on June 21, 2016.
             Slain by a centaur (5 damage)
             ... on level 3 of the Dungeon.
             The game lasted 00:04:41 (2258 turns).

Goblin1989 the Cudgeler (Gargoyle Gladiator)        Turns: 2258, Time: 00:04:42

Health: 0/26       AC: 12    Str: 19    XL:     4   Next: 42%
Magic:  4/4        EV:  7    Int:  9    God:
Gold:   79         SH:  0    Dex: 10    Spells: 0 memorised, 3 levels left

rFire  . . .     SeeInvis .     a - +0 flail
rCold  . . .     Clarity  .     o - +0 chain mail
rNeg   + . .     SustAt   .     (no shield)
rPois  ∞         Gourm    .     c - +0 helmet
rElec  +         Spirit   .     (no cloak)
rCorr  .         Warding  .     (no gloves)
rMut   .         Stasis   .     (no boots)
MR     .....                    (no amulet)
Stlth  ..........               (no ring)
                                (no ring)

@: not resistant to hostile enchantments, extremely unstealthy
A: negative energy resistance 1, electricity resistance, unbreathing,
petrification resistance, rot immunity, AC +3
a: no special abilities


You were on level 3 of the Dungeon.
You were near starving.

You visited 1 branch of the dungeon, and saw 3 of its levels.

You collected 79 gold pieces.

Inventory:

Hand Weapons
 a - a +0 flail (weapon)
Missiles
 d - 2 throwing nets (quivered) {=f, !d}
Armour
 c - a +0 helmet (worn)
 o - a +0 chain mail (worn)
Scrolls
 f - 2 scrolls of teleportation {unknown}
 g - a scroll of noise {unknown}
 i - a scroll of remove curse {unknown}
 j - a scroll of fear {unknown}
 k - a scroll of identify {unknown}
Potions
 l - a potion of brilliance {unknown}
 m - a potion of magic {unknown}
Comestibles
 e - 2 bread rations
 h - 2 meat rations


   Skills:
 - Level 2.1 Fighting
 + Level 5.1 Maces & Flails
 - Level 1.7 Throwing
 - Level 2.4 Dodging


You had 3 spell levels left.
You didn't know any spells.

Dungeon Overview and Level Annotations

Branches:
Dungeon (3/15)

Altars:
Elyvilon


Innate Abilities, Weirdness & Mutations

You are resistant to torment.
Your stone body is resilient (AC +3).
You are immune to poison.
You resist negative energy.
You are resistant to electric shocks.
You can survive without breathing.
You are immune to petrification.
You are immune to rotting.


Message History

Quiver which item? (- for none, * to show all) (? for menu, Esc to quit)
Quivering
d - 3 throwing nets {=f, !d} for throwing.
Aim: a centaur You throw a throwing net {=f, !d}.
The throwing net {=f, !d} hits the centaur.
The centaur is caught in the net!
The centaur struggles against the net.
You sock the centaur!
The centaur struggles against the net.
The centaur struggles against the net.
You hit the centaur.
The centaur struggles against the net.
The net rips apart, and the centaur comes free!
The centaur hits you.
You take 2 damage, and have 8/26 hp.
You hit the centaur but do no damage. The centaur hits you.
* * * LOW HITPOINT WARNING * * *
The centaur hits you but does no damage.
You take 3 damage, and have 5/26 hp.
You hit the centaur but do no damage.
The centaur hits you but does no damage. x2
You hit the centaur. The centaur hits you.
You die...

#### ..... .# .....
#.# ......
####.#######
......##...........
..(....c..........#
#@..........#
#(..........#
#.†.........#
#(...<......#
#.########### #.#
#(# #.# #.#


You could see a centaur.

Vanquished Creatures
  An adder (D:2)
  A worm (D:2)
  2 giant geckos
  An orc (D:3)
  3 giant cockroaches (D:2)
  9 hobgoblins
  6 jackals
  10 kobolds
  A quokka (D:2)
  9 bats
  4 giant newts
  10 goblins
  9 rats
66 creatures vanquished.

Notes
Turn   | Place    | Note
--------------------------------------------------------------
     0 | D:1      | Goblin1989 the Gargoyle Gladiator began the quest for the Orb.
     0 | D:1      | Reached XP level 1. HP: 12/12 MP: 1/1
   203 | D:1      | Reached XP level 2. HP: 12/17 MP: 2/2
   964 | D:1      | Reached skill level 4 in Maces & Flails
   994 | D:1      | Reached XP level 3. HP: 16/21 MP: 3/3
  1520 | D:2      | Found a white marble altar of Elyvilon.
  1525 | D:2      | Reached XP level 4. HP: 21/26 MP: 4/4
  2130 | D:3      | Reached skill level 5 in Maces & Flails
  2192 | D:3      | Noticed a centaur
  2258 | D:3      | Slain by a centaur

Action                   |  1- 3 |  4- 6 || total
-------------------------+-------+-------++-------
Melee: Flail             |   166 |    85 ||   251
Throw: Throwing net      |       |     1 ||     1
  Eat: Chunk             |     2 |     1 ||     3
